 Dungeon Crawl Stone Soup version 0.29.1-15-g9cfb28693d (webtiles) character file.

Game seed: 2615784100840860900

501 Frutz the Trooper (level 7, 0/62 HPs)
             Began as a Naga Warper on May 2, 2023.
             Was an Elder of Jiyva.
             Slain by a gnoll
             ... wielding a +0 spear
             ... led by a gnoll bouda
              (2 damage)
             ... on level 5 of the Dungeon.
             The game lasted 00:36:26 (3759 turns).

Frutz the Trooper (Naga Warper)                     Turns: 3759, Time: 00:36:26

Health: 0/62       AC:  5    Str: 13    XL:     7   Next: 17%
Magic:  10/10      EV: 10    Int: 15    God:    Jiyva [****..]
Gold:   133        SH:  0    Dex: 11    Spells: 10/10 levels left

rFire   . . .      SeeInvis +   q - +3 quarterstaff
rCold   + . .      Faith    .   (shield currently unavailable)
rNeg    . . .      Spirit   .   k - +2 robe {rC+}
rPois   +          Reflect  .   (helmet unavailable)
rElec   .          Harm     .   (no cloak)
rCorr   +          Rampage  .   (no gloves)
Will    .....                   (no barding)
Stlth   ++........              (no amulet)
HPRegen 1.48/turn               (no ring)
MPRegen 0.52/turn               (no ring)

@: very slow
A: AC +2, large, see invisible, deformed body, poison resistance, slowness 2,
spit poison 1, naga tail 1, horns 3, passive freeze
a: Spit Poison, Renounce Religion, Oozemancy, Slimify


You were on level 5 of the Dungeon.
You worshipped Jiyva.
Jiyva was greatly pleased with you.
You visited 1 branch of the dungeon, and saw 5 of its levels.

You collected 133 gold pieces.

Inventory:

Hand Weapons
 a - a +0 falchion
 c - a +4 sling
 g - a +0 dagger of venom
 j - a +0 sling
 q - a +3 quarterstaff (weapon)
Missiles
 d - 7 boomerangs of dispersal
 h - 40 stones (quivered)
 n - 2 boomerangs
Armour
 b - a +0 leather armour
 k - a +2 robe of cold resistance (worn)
Scrolls
 f - 2 scrolls of identify {unknown}
 l - a scroll of acquirement {unknown}
 o - a scroll of teleportation {unknown}
Potions
 e - a potion of brilliance {unknown}
 i - 2 potions of curing {unknown}
 m - a potion of magic {unknown}
 p - a potion of haste {unknown}


   Skills:
 + Level 3.5 Fighting
 + Level 3.1(3.5) Short Blades
 + Level 2.4(3.2) Long Blades
 + Level 0.1 Staves
 + Level 0.8 Throwing
 + Level 3.3 Armour
 + Level 2.6 Dodging
 + Level 1.9 Stealth
 + Level 2.1 Spellcasting
 + Level 3.4 Translocations


You had 10 spell levels left.
You didn't know any spells.
Your spell library contained the following spells:

 Spells                   Type           Power      Damage    Failure   Level
 Blink                    Tloc           24%        N/A       8%          2
 Gell's Gravitas          Tloc           12%        N/A       16%         3
 Lesser Beckoning         Tloc           12%        N/A       16%         3
 Teleport Other           Tloc           12%        N/A       16%         3
 Portal Projectile        Hex/Tloc       12%        N/A       32%         3
 Call Canine Familiar     Summ           1%         N/A       54%         3
 Conjure Flame            Conj/Fire      1%         6-21      54%         3
 Ignite Poison            Fire/Tmut/Pois 1%         N/A       54%         3
 Manifold Assault         Tloc           12%        N/A       82%         5
 Leda's Liquefaction      Hex/Erth       0%         N/A       91%         4
 Sticky Flame             Conj/Fire      1%         2d3       91%         4


Dungeon Overview and Level Annotations

Branches:
Dungeon (5/15)
 Temple: D:4-7

Altars:
Gozag
Hepliaklqana
Nemelex Xobeh
Qazlal
Ru
Xom
Jiyva

Annotations:
D:5 Dowan, Duvessa, Pikel


Innate Abilities, Weirdness & Mutations

Your serpentine skin is tough. (AC +2)
You have supernaturally acute eyesight. (SInv)
Armour fits poorly on your strangely shaped body.
Your system is resistant to poisons. (rPois)
You cover ground very slowly.
You can spit poison.
You have a snake-like lower body.
You have a pair of large horns on your head.
A frigid envelope surrounds you and freezes all who hurt you.


Message History

You thump the iguana!
The iguana is severely wounded.
You hear a shout!
The iguana bites you. The gnoll hits you with a +0 spear.
The gnoll is very cold.
The gnoll is moderately wounded.
The gnoll barely misses you. The gnoll completely misses you.
Dowan, Brother of Duvessa comes into view.
He is wielding a +0 dagger.
The iguana barely misses you.
You closely miss the iguana.
You headbutt the iguana, but do no damage.
The iguana is severely wounded.
The gnoll hits you with a +0 spear.
The gnoll is very cold.
The gnoll is heavily wounded.
The gnoll hits you with a +0 flail.
* * * LOW HITPOINT WARNING * * *
The gnoll is very cold.
The gnoll is moderately wounded.
The gnoll hits you from afar with a +0 halberd.
* * * LOW HITPOINT WARNING * * *
The iguana closely misses you.
You hit the iguana.
The iguana is almost dead.
You hear the quick hiss of an avalanche of sand nearby.
The gnoll hits you but does no damage. The gnoll closely misses you.
The iguana barely misses you. The gnoll hits you with a +0 spear.
* * * LOW HITPOINT WARNING * * *
The gnoll is very cold.
The gnoll is severely wounded.
You closely miss the gnoll.
The gnoll is severely wounded.
The gnoll is no longer moving quickly.
The gnoll closely misses you.
The gnoll hits you from afar with a +0 halberd.
* * * LOW HITPOINT WARNING * * *
The iguana bites you!
* * * LOW HITPOINT WARNING * * *
The iguana is very cold.
You kill the iguana!
The gnoll hits you with a +0 spear.
You die...

######++#################
≈≈≈~.....~~≈≈≈≈≈≈≈≈≈≈≈≈≈≈
≈≈≈~~....~~≈≈≈≈≈≈≈≈≈≈≈≈≈≈
~~~~~....~~~~~≈≈~≈≈~≈≈~~~
~~~.~....~~~.~~~~~~.~~~.~
................@........
................gg)......
##..........<#####g######
................. e.>
#...#########.....##e.#
#...# .....# ..#
#...######## ...... ...
#........... ...... ..#
#....########...... ..#


You could see Duvessa, Dowan and 3 gnolls.

Vanquished Creatures
  A lemure (D:5)
  A scorpion (D:4)
  Blork the orc (D:4)
  A gnoll bouda (D:5)
  A hound (D:5)
  An orc priest (D:5)
  2 iguanas (D:5)
  4 orc wizards
  2 gnolls (D:5)
  7 adders
  A white imp (D:5)
  2 dart slugs
  13 orcs
  2 bats
  2 endoplasms (D:1)
  3 giant cockroaches
  9 goblins
  3 hobgoblins
  2 jackals (D:1)
  3 quokkas
  3 ball pythons
  3 frilled lizards
  4 kobolds
  2 rats (D:1)
73 creatures vanquished.

Vanquished Creatures (others)
  2 scorpions (D:4)
  4 jellies
  A gnoll (D:5)
  4 adders
  A worm (D:2)
  3 dart slugs
  3 orcs (D:4)
  An endoplasm (D:3)
  2 giant cockroaches (D:2)
  7 goblins
  8 hobgoblins
  A jackal (D:1)
  2 quokkas (D:2)
  3 ball pythons
  A bat (D:3)
  3 frilled lizards
  A kobold (D:2)
  4 rats
51 creatures vanquished.

Grand Total: 124 creatures vanquished

Notes
Turn   | Place    | Note
-------+----------+-------------------------------------------
     0 | D:1      | Frutz the Naga Warper began the quest for the Orb.
     0 | D:1      | Reached XP level 1. HP: 19/19 MP: 3/3
   356 | D:1      | Reached XP level 2. HP: 22/26 MP: 5/5
   431 | D:1      | Found a faded altar of an unknown god.
   437 | D:1      | Prayed at the altar of an unknown god.
   437 | D:1      | Became a worshipper of Jiyva Jiodazos the Shapeless
   437 | D:1      | Reached * piety under Jiyva
  1023 | D:2      | Reached skill level 1 in Armour
  1023 | D:2      | Reached XP level 3. HP: 30/33 MP: 6/6
  1079 | D:2      | Reached ** piety under Jiyva
  1379 | D:2      | Reached XP level 4. HP: 40/40 MP: 7/7
  1848 | D:3      | Reached *** piety under Jiyva
  1891 | D:3      | Reached skill level 1 in Short Blades
  1918 | D:3      | Found a sacrificial altar of Ru.
  2490 | D:4      | Reached XP level 5. HP: 43/46 MP: 8/8
  2513 | D:4      | Found a shimmering altar of Xom.
  2533 | D:4      | Gained mutation: You have a pair of small horns on your
                  | head. [Jiyva's grace]
  2533 | D:4      | Gained mutation: You have a pair of horns on your head.
                  | [Jiyva's grace]
  2533 | D:4      | Gained mutation: You have a pair of large horns on your
                  | head. [Jiyva's grace]
  2533 | D:4      | Gained mutation: A frigid envelope surrounds you and
                  | freezes all who hurt you. [Jiyva's grace]
  2707 | D:4      | Found a sparkling altar of Nemelex Xobeh.
  2728 | D:4      | Reached **** piety under Jiyva
  3209 | D:4      | Noticed Blork the orc
  3217 | D:4      | Killed Blork the orc
  3218 | D:4      | Reached skill level 1 in Stealth
  3218 | D:4      | Reached XP level 6. HP: 12/56 MP: 9/9
  3335 | D:4      | Found a stormy altar of Qazlal.
  3459 | D:5      | Entered Level 5 of the Dungeon
  3465 | D:5      | Noticed Pikel
  3472 | D:5      | HP: 2/56 [lemure[Pikel] (5)]
  3573 | D:5      | Found an opulent altar of Gozag.
  3640 | D:5      | Found a faded altar of an unknown god.
  3640 | D:5      | Found a hazy altar of Hepliaklqana.
  3745 | D:5      | Reached XP level 7. HP: 60/62 MP: 10/10
  3751 | D:5      | Noticed Duvessa
  3756 | D:5      | Noticed Dowan
  3759 | D:5      | HP: 2/62 [iguana (10)]
  3759 | D:5      | Slain by a gnoll

Illustrated notes

Levels and vault maps discovered:
D:1:      dpeg_arrival_round_b, layout_loops_ring,
          shapermc_ecumenical_altar_mp_highgroup, fountainhead,
          minmay_split_cup_large
D:2:      layout_loops_corners, chequers_arboretum, minmay_statues_item
D:3:      layout_loops_cross, lemuel_round_altar, st_stairs_2,
          grunt_decor_junction
D:4:      layout_basic, mainiacjoe_overflow_alcove_1,
          nemelex_diamond_rough_becter, mainiacjoe_overflow_small_starburst,
          uniq_blork_the_orc
D:5:      minmay_goblin_kobold_castle, layout_basic,
          nicolae_overflow_crystal_walls, beargit_hepliaklqana_dungeon_heroes,
          enter_ossuary_3, uniq_sigmund, uniq_pikel, uniq_duvessa

Skill      XL: |  1  2  3  4  5  6  7 |
---------------+----------------------+-----
Armour         | 1 2 3 |  3.3
Short Blades   | 1 2 3 |  3.1
Dodging        | 2 |  2.6
Fighting       | 3 |  3.5
Stealth        | 1 |  1.9
Long Blades    | |  2.4
Staves         | |  0.1
Throwing       | |  0.8
Spellcasting   | |  2.1
Translocations | |  3.4

Action                   |  1- 3 |  4- 6 |  7- 9 || total
-------------------------+-------+-------+-------++-------
Melee: Dagger            |    80 |   126 |       ||   206
       Falchion          |     4 |       |       ||     4
       Punch             |     1 |     1 |       ||     2
       Headbutt          |       |     7 |     3 ||    10
       Quarterstaff      |       |     5 |    10 ||    15
       Sling             |       |     1 |       ||     1
  Use: Scroll            |       |     1 |       ||     1
Armor: Leather armour    |    17 |    22 |       ||    39
       Robe              |       |    20 |     7 ||    27
Dodge: Dodged            |    35 |    70 |    21 ||   126
